[Event "*** Titled Tuesday Blitz"]
[Site "Chess.com"]
[Date "2020.04.07"]
[Round "2"]
[White "MarcoRiehle"]
[Black "2L8IWUN"]
[Result "1-0"]
[WhiteElo "2695"]
[BlackElo "2358"]
[TimeControl "180+1"]
[EndTime "13:21:43 PDT"]
[Termination "MarcoRiehle won by resignation"]

1. e4 c5 2. Nf3 d6 3. d4 cxd4 4. Nxd4 Nf6 5. f3 e5 6. Nb3 d5 7. Bg5 Be6 8. Bxf6 gxf6 9. exd5 Qxd5 10. Qxd5 Bxd5 11. Nc3 Bc6 12. O-O-O Nd7 13. Na5 Bb4 14. Nxc6 bxc6 15. Ne4 Be7 16. Bc4 Nb6 17. Bb3 a5 18. a4 O-O 19. Ng3 Rfd8 20. Nf5 Bf8 21. c3 c5 22. Rxd8 Rxd8 23. Rd1 Rxd1+ 24. Kxd1 c4 25. Bc2 Bc5 26. h4 Kf8 27. h5 Ke8 28. g4 Kd7 29. Ng3 h6 30. Nf5 Bf8 31. Ke2 Nd5 32. Be4 Nb6 33. Bc2 Nd5 34. Ne3 Nxe3 35. Kxe3 Bc5+ 36. Ke4 Kd6 37. Kf5 Ke7 38. b3 cxb3 39. Bxb3 Be3 40. Ke4 Bf2 41. Kd5 Kd7 42. c4 Be3 43. c5 Kc7 44. Bc2 Kd7 45. Bf5+ Kc7 46. Bg6 Bd4 47. Bxf7 Bc3 48. Be8 Bd2 49. Bb5 Bc1 50. Bd3 Bd2 51. Be4 Be3 52. Kc4 Bd2 53. Kb5 Be1 54. Bd5 Bc3 55. Kc4 Bd2 56. Kd3 Bf4 57. Ke4 Bd2 58. Kf5 Bg5 59. Ke6 Bh4 60.
Be4 Bg5 61. Kf7 Bh4 62. Kg6 Bg5 63. Kg7 Kd7 64. Kf7 Kc7 65. Ke6 Bh4 66. Kd5 Bg5 67. Bg6 Bd2 68. Be8 Bg5 69. Kc4 Bd2 70. c6 Be3 71. Kd5 Bd2 72. Bd7 Bf4 73. Ke6 Bg5 74.
Kf5 Bh4 75. Ke4 Bg5 76. Kd5 Bf4 77. Bf5 Bg5 78. Be4 Bf4 79. Ke6 Bg5 80. Kf7 Bh4 81. Kg7 Bg5 82. Kg6 Kd6 83. Kf5 Kc7 84. Ke6 Bh4 85. Kd5 Bg5 86. Kc5 Bd2 87. Kc4 Be3 88. Kc3 Bf4 89. Kd3 Bg5 90. Kc4 Bd2 91. Kd5 Bf4 92. Ke6 Bg5 93. Kf5 Bh4 94. f4 exf4 95. Bf3 Bg5 96. Kg6 Bh4 97. Kxh6 Kd6 98. Kg7 Bg5 99. h6 1-0

[Event "*** Titled Tuesday Blitz"]
[Site "Chess.com"]
[Date "2020.04.07"]
[Round "2"]
[White "babadroga92"]
[Black "arctic_t00"]
[Result "1/2-1/2"]
[WhiteElo "2690"]
[BlackElo "2385"]
[TimeControl "180+1"]
[EndTime "13:21:48 PDT"]
[Termination "Game drawn by stalemate"]

1. e4 e6 2. d3 c5 3. Nd2 Nc6 4. g3 Nf6 5. Bg2 d6 6. c3 Be7 7. Qe2 O-O 8. Ngf3 Rb8 9. O-O b5 10. Re1 e5 11. Nf1 Re8 12. Bg5 h6 13. Bxf6 Bxf6 14.
Ne3 Be6 15. Nd5 Bxd5 16. exd5 Ne7 17. Nd2 g6 18. a4 a6 19. axb5 axb5 20. Ra6 Nc8 21.
Rea1 Nb6 22. R1a5 Nc8 23. Bh3 Be7 24. Bxc8 Qxc8 25. Kg2 Bf8 26. Ne4 Qd8 27. Qf3 f5 28. Nd2 Bg7 29. h4 h5 30. Qe2 Qe7 31. Nb3 Qf7 32. Ra7 Qxd5+ 33. Qf3 Qxb3 34. Qc6 Qe6 35.
R5a6 Rec8 36. Rc7 Rxc7 37. Qxc7 Qd5+ 38. f3 Rf8 39. Rxd6 Qf7 40. Qxc5 e4 41. dxe4 fxe4 42. f4 Qe7 43. Rd5 Qxc5 44. Rxc5 Re8 45. Kf2 Rd8 46.
Ke2 Rb8 47. Ke3 Bf8 48. Rc6 Kf7 49. Kxe4 Be7 50. f5 gxf5+ 51. Kxf5 Rg8 52. Kf4 Rd8 53. Rb6 Rd5 54. Ke4 Rc5 55. Kd4 Rc4+ 56. Ke3 Rg4 57. Kf3 Bf6 58. Rxb5 Kg6 59. Rb6 Kf7 60. Rb5 Kg6 61.
Rd5 Kf7 62. Rxh5 Ra4 63. Rb5 Ra2 64. g4 Bxh4 65. g5 Kg6 66. Kg4 Be1 67. Rb6+ Kg7 68. Kf5 Ra5+ 69. Kg4 Bd2 70. g6 Ra4+ 71. Kf3 Ra2 72.
Ke2 Bh6 73. Kd3 Ra1 74. b4 Rd1+ 75. Kc4 Rg1 76. Kb5 Rxg6 77. Rxg6+ Kxg6 78. c4 Kf7 79. c5 Ke8 80. Kc6 Kd8 81. Kb7 Bf4 82. c6 Bd6 83. b5 Bc7 84. Ka6 Kc8 85. Ka7 Ba5 86. b6 Bxb6+ 87.
Kxb6 Kb8 88. c7+ Kc8 89. Kc6 1/2-1/2

[Event "*** Titled Tuesday Blitz"]
[Site "Chess.com"]
[Date "2020.04.07"]
[Round "2"]
[White "timator"]
[Black "Hangar-18"]
[Result "1-0"]
[WhiteElo "2677"]
[BlackElo "2301"]
[TimeControl "180+1"]
[EndTime "13:21:52 PDT"]
[Termination "timator won by checkmate"]

1. Nf3 e6 2. d4 c5 3. g3 cxd4 4. Nxd4 Nf6 5. Bg2 a6 6. O-O Qc7 7. c4 Be7 8. Nc3 O-O 9. b3 Nc6 10. Bb2 d6 11. Rc1 Nxd4 12. Qxd4 Bd7 13. Rfd1 Rfd8 14.
Ba3 Be8 15. Bb2 Rac8 16. h4 Qb8 17. Ne4 Bc6 18. Qe3 Nxe4 19. Bxe4 Bxe4 20. Qxe4 b5 21. h5 h6 22. Qg4 Bf8 23. cxb5 Qxb5 24. Rxc8 Rxc8 25.
Qe4 Qxh5 26. Qd3 a5 27. Rc1 Rxc1+ 28. Bxc1 Qc5 29. Bd2 Qa3 30. Qc2 d5 31. Kg2 Bc5 32. Bc3 d4 33. Bd2 Bf8 34. Be1 Qd6 35. Qc4 e5 36. Bxa5 e4 37. Bd2 Qe5 38. Bf4 Qf6 39. Qd5 g5 40. Be5 Qf5 41. Qxd4 h5 42. Bd6 Bg7 43. Qe3 h4 44. gxh4 gxh4 45. Qf4 Qg6+ 46. Kh2 Bf6 47. Be5 Bg5 48. Qg4 f5 49. Qg2 Kf7 50. e3 Qh5 51. Bf4 Bf6 52. b4 Qe2 53. b5 Qxb5 54. Qh3 Qe2 55. Kg2 Qxa2 56. Qxf5 Qe6 57.
Qh7+ Bg7 58. Qxh4 Qg6+ 59. Qg3 Qh5 60. Qh3 Qxh3+ 61. Kxh3 Kg6 62. Kg4 Bc3 63. Bg3 Kf6 64.
Kf4 Be1 65. Kxe4 Ke6 66. Bh4 Kd6 67. Bg3+ Ke6 68. Kf3 Kf5 69. e4+ Ke6 70. Kg4 Bd2 71. f4 Bc3 72. f5+ Kf6 73. Kf3 Kg5 74. Bc7 Bf6 75. Bf4+ Kh5 76. e5 Be7 77. Ke4 Kg4 78. Be3 Kh5 79. f6 Bf8 80. Kf5 Bb4 81. e6 Bf8 82. e7 Bxe7 83. fxe7 Kh4 84. e8=Q Kg3 85. Qg6+ Kf3 86. Qg4+ Kxe3 87. Qe4+ Kf2 88. Qd3 Kg2 89. Kf4 Kf2 90. Qd2+ Kg1 91. Kg3 Kf1 92. Qd1# 1-0

[Event "*** Titled Tuesday Blitz"]
[Site "Chess.com"]
[Date "2020.04.07"]
[Round "2"]
[White "joshdaruca"]
[Black "ruslansezdbekov"]
[Result "0-1"]
[WhiteElo "2761"]
[BlackElo "2550"]
[TimeControl "180+1"]
[EndTime "13:22:10 PDT"]
[Termination "ruslansezdbekov won on time"]

1. g3 Nf6 2. Bg2 e5 3. c4 Nc6 4. Nc3 Bc5 5. e3 O-O 6. Nge2 d6 7. O-O Bb6 8. a3 Be6 9. d3 a5 10. Qc2 d5 11. b3 Re8 12. Nb5 Qd7 13. c5 Ba7 14.
Bb2 Bh3 15. Bxh3 Qxh3 16. f3 Re7 17. d4 Qh6 18. Bc1 Rae8 19. dxe5 Rxe5 20. Ned4 Rxe3 21. Nf5 Qg5 22. f4 Rc3 23. Nxc3 Bxc5+ 24. Kh1 Qh5 25. Ra2 g6 26. Nh4 Nd4 27. Qb2 Ng4 28. b4 axb4 29.
axb4 Bf8 30. f5 g5 31. Qd2 gxh4 32. Qg5+ Qxg5 33. Bxg5 h6 34. Nxd5 hxg5 35. gxh4 c6 36. Rg1 cxd5 37. Rxg4 f6 38. hxg5 Nxf5 39. gxf6+ Kf7 40. Ra7 Kxf6 41. Rxb7 Re1+ 42. Rg1 Re2 43. Rf1 Bd6 44. Rf7+ Kxf7 45. Rxf5+ Ke6 46. Rh5 Bxb4 47. Kg1 Bc5+ 48. Kf1 Rf2+ 49. Ke1 Rf5 50. Rh6+ Ke5 51. Rh8 d4 52. Ke2 Ke4 53. Re8+ Re5 54. Rh8 d3+ 55. Kd1 Kf3 56. Kd2 Ke4 57. Rh4+ Kd5 58. Kxd3 Re3+ 59. Kd2 Rf3 60. Ke2 Rf2+ 61. Kd3 Rf3+ 62. Ke2 Rf6 63. Rh5+ Kc4 64. Rh4+ Bd4 65. Rh3 Rf2+ 66. Ke1 Rg2 67. Kf1 Ra2 68. Ke1 Kd5 69. Rh5+ Ke4 70. Rh3 Be3 71. Kf1 Rf2+ 72. Ke1 Kd3 73. Rh8 Rg2 74. Rd8+ Bd4 75. Rf8 Ra2 76. Kf1 Rxh2 77. Rf3+ Be3 78. Rf8 Ra2 79. Rf7 Ra4 80. Rf8 Rg4 81. Ke1 Bd4 82. Rf1 Rg2 0-1

[Event "*** Titled Tuesday Blitz"]
[Site "Chess.com"]
[Date "2020.04.07"]
[Round "2"]
[White "AshotParvanyan"]
[Black "garfield_pg"]
[Result "0-1"]
[WhiteElo "2534"]
[BlackElo "2225"]
[TimeControl "180+1"]
[EndTime "13:22:12 PDT"]
[Termination "garfield_pg won on time"]

1. d4 Nf6 2. Nf3 g6 3. c4 Bg7 4. e3 O-O 5. Be2 c5 6. d5 d6 7. O-O Bg4 8. Nc3 a6 9. a4 Qa5 10. Nd2 Bxe2 11. Qxe2 b5 12. cxb5 axb5 13. Nxb5 Nxd5 14.
Nc4 Qd8 15. a5 Nc6 16. Bd2 Ndb4 17. Bc3 Nxa5 18. Nd2 Qb6 19. Na3 Nd5 20. Bxg7 Kxg7 21. Qd3 Nf6 22. Qc3 Qb4 23. Rfc1 Qxc3 24. bxc3 Rfb8 25. Rcb1 Nd5 26. Nb5 Nc6 27. c4 Ndb4 28. Kf1 Nc2 29. Rxa8 Rxa8 30. Ke2 N2b4 31. Nc3 Ra3 32. Nd5 Nxd5 33. cxd5 Nb4 34. e4 f5 35. f3 Ra2 36. Rb3 Kf6 37. Kd1 Ra1+ 38. Ke2 Rg1 39. Kf2 Ra1 40. Nc4 Ra2+ 41. Kg3 f4+ 42. Kxf4 Rxg2 43.
Nb6 g5+ 44. Ke3 Nc2+ 45. Kd3 Nd4 46. Nd7+ Kf7 47. Rb8 Kg7 48. Re8 Nxf3 49. Rxe7+ Kg6 50. Re6+ Kf7 51. Rxd6 Ke7 52. e5 Rd2+ 53. Ke3 g4 54. Nxc5 Rc2 55. Re6+ Kf7 56. Ne4 Rc1 57. Nd6+ Kg7 58.
Re7+ Kf8 59. Re6 Kg7 60. Re7+ Kf8 61. Rf7+ Kg8 62. e6 Re1+ 63. Kf4 Nd4 64. Kxg4 Nxe6 65.
dxe6 Rxe6 66. Rd7 Rg6+ 67. Kf5 Rh6 68. Ne4 Rxh2 69. Nf6+ Kf8 70. Nxh7+ Kg8 71. Nf6+ Kf8 72. Nh7+ Kg8 73. Ra7 Rf2+ 74. Kg6 Rg2+ 75. Ng5 Kf8 76. Rb7 Ke8 77. Kf6 Kd8 78. Ne6+ Kc8 79. Rc7+ Kb8 80. Rh7 Rf2+ 81. Ke7 Kb7 82. Kd6+ Kb6 83. Rh1 Rf6 84. Kd5 Rf5+ 85. Kd6 Rf6 86. Rb1+ Ka5 87. Kd5 Rf5+ 88. Kc6 Ka4 89. Nc5+ Ka3 90. Kb5 Ka2 91. Rb4 Ka3 0-1

[Event "*** Titled Tuesday Blitz"]
[Site "Chess.com"]
[Date "2020.04.07"]
[Round "2"]
[White "VALPARAISO37"]
[Black "Carnivoras"]
[Result "1/2-1/2"]
[WhiteElo "2334"]
[BlackElo "2617"]
[TimeControl "180+1"]
[EndTime "13:22:12 PDT"]
[Termination "Game drawn by repetition"]

1. d4 d5 2. c4 c6 3. Nc3 e6 4. e3 Nf6 5. Nf3 Nbd7 6. Bd3 Bd6 7. O-O O-O 8. e4 dxc4 9. Bxc4 e5 10. a3 Qe7 11. Re1 b5 12. Ba2 Bb7 13. dxe5 Nxe5 14. Nd4 Rad8 15. Nf5 Qc7 16. Bg5 Neg4 17. Nxd6 Rxd6 18.
Bf4 Rxd1 19. Bxc7 Rd2 20. e5 Nd5 21. Nxd5 cxd5 22. f3 Rc8 23. Ba5 Rxb2 24. Bb1 Nh6 25. Bd3 g6 26. Rec1 Nf5 27. Rxc8+ Bxc8 28. Rc1 Be6 29.
Bxf5 Bxf5 30. g4 Be6 31. Rc7 d4 32. Rxa7 d3 33. Ra8+ Kg7 34. Rd8 Bc4 35. h4 Rb3 36. Bb4 h5 37. Kf2 hxg4 38. fxg4 Rb2+ 39. Kg3 d2 40.
Rxd2 Rxd2 41. Bxd2 Be6 42. Bc3 Kh7 43. Kf4 Bc8 44.
Kg5 Be6 45. Bd4 Kg8 46. h5 gxh5 47. Kxh5 Kh7 48. Kg5 Kg7 49. Bc5 Kh7 50. Bf8 Kg8 51. Be7 Kg7 52. Bf6+ Kh7 53. Kh5 Bc8 54. Kg5 Be6 55.
Kf4 Bd7 56. Bh4 Kg6 57. Be1 Be6 58. Bc3 Bc4 59. Bd2 Be6 60. Kg3 Bd7 61. Bb4 Be6 62. Be7 Bd7 63. Kf4 Be6 64. Bf6 Bd7 65. Bd8 Be6 66. Bb6 Bd7 67. Bf2 Be6 68. Bh4 Bd7 69.
Be7 Be6 70. Bb4 Bd7 71. Bc3 Be6 72. Bd2 Bd7 73. Bc3 Be6 74. Ba5 Bd7 75. Bd8 Be6 76. Bf6 Bd7 77. g5 Be6 78. Ke3 Bd7 79. Kd4 Kf5 80. Kd5 Be8 81. Kd6 Kg6 82. Be7 Kf5 83. Bf6 Kg6 84. e6 fxe6 85. Kxe6 Bf7+ 86. Kd6 Bb3 87. Kc5 Ba4 88. Kb4 Kf7 89. Kc3 Kg6 90. Kd4 Kf7 91. Ke5 Kg6 92. Ke6 Bb3+ 93. Ke7 Ba4 94. Kf8 Bb3 95. Be7 Ba4 96. Bf6 Bb3 97. Ke7 Ba4 98. Ke6 Bb3+ 99. Ke5 Ba4 100. Kf4 Bb3 101. Kg4 Ba4 102. Kh4 Bb3 103. Kg3 Ba4 104. Kf4 Bb3 105. Ke5 Ba4 1/2-1/2

[Event "*** Titled Tuesday Blitz"]
[Site "Chess.com"]
[Date "2020.04.07"]
[Round "3"]
[White "Winehouse83"]
[Black "aa175"]
[Result "1-0"]
[WhiteElo "2536"]
[BlackElo "2250"]
[TimeControl "180+1"]
[EndTime "13:24:23 PDT"]
[Termination "Winehouse83 won by resignation"]

1. d4 Nf6 2. c4 g6 3. Nc3 d5 4. Nf3 Bg7 5. Bf4 O-O 6. Rc1 c5 7. dxc5 dxc4 8. e4 Qa5 9. e5 Ng4 10. h3 Nh6 11. Bxc4 Qxc5 12. Ne4 Qb4+ 13. Bd2 Qxb2 14.
Rb1 Qa3 15. Bb4 1-0

[Event "*** Titled Tuesday Blitz"]
[Site "Chess.com"]
[Date "2020.04.07"]
[Round "3"]
[White "warmoatmeal"]
[Black "VinzentSpitzl"]
[Result "1/2-1/2"]
[WhiteElo "1904"]
[BlackElo "2358"]
[TimeControl "180+1"]
[EndTime "13:24:26 PDT"]
[Termination "Game drawn by agreement"]

1. Nf3 d5 2. d4 Nf6 3. Bg5 e6 4. e3 Be7 5. Nbd2 h6 6. Bh4 Nbd7 7.
Bd3 c5 8. c3 b6 9. O-O Bb7 10. Ne5 Ne4 11. Bxe7 Qxe7 12. f4 O-O 13. Qe2 Nxd2 14. Qxd2 Nxe5 15. fxe5 f6 16. exf6 Rxf6 17. Rxf6 Qxf6 18. Rf1 Qe7 19. Qf2 1/2-1/2

[Event "*** Titled Tuesday Blitz"]
[Site "Chess.com"]
[Date "2020.04.07"]
[Round "3"]
[White "kayrakamer"]
[Black "BahadirOzen"]
[Result "1/2-1/2"]
[WhiteElo "2477"]
[BlackElo "2756"]
[TimeControl "180+1"]
[EndTime "13:24:31 PDT"]
[Termination "Game drawn by agreement"]

1. Nf3 d5 2. d4 Nf6 3. c4 e6 4.
Nc3 Be7 5. Bg5 h6 6. Bh4 O-O 7. e3 b6 8. Bd3 Bb7 9. O-O Nbd7 10. Qe2 c5 11. Rfd1 dxc4 12. Bxc4 Ne4 13. Bg3 Nxg3 14. hxg3 Bxf3 1/2-1/2

[Event "*** Titled Tuesday Blitz"]
[Site "Chess.com"]
[Date "2020.04.07"]
[Round "3"]
[White "PetrolulSah"]
[Black "mokerslag"]
[Result "0-1"]
[WhiteElo "2234"]
[BlackElo "2441"]
[TimeControl "180+1"]
[EndTime "13:24:37 PDT"]
[Termination "mokerslag won by resignation"]

1. d4 Nf6 2. c4 e5 3. dxe5 Ng4 4. Bf4 Nc6 5. Nf3 Bb4+ 6. Nbd2 Qe7 7. e3 Ngxe5 8. Be2 d6 9. O-O a5 10. Nb3 a4 11. Nbd4 O-O 12. Nxc6 bxc6 13. Nxe5 dxe5 14. Bg3 Bf5 15. f3 Rfd8 16. Qc1 Bd2 0-1

[Event "*** Titled Tuesday Blitz"]
[Site "Chess.com"]
[Date "2020.04.07"]
[Round "3"]
[White "GreatDamnedRedSpot"]
[Black "omidnoroozi21"]
[Result "1-0"]
[WhiteElo "2303"]
[BlackElo "2563"]
[TimeControl "180+1"]
[EndTime "13:24:38 PDT"]
[Termination "GreatDamnedRedSpot won by resignation"]

1. e4 c5 2. Nf3 d6 3. d4 cxd4 4. Qxd4 Nc6 5. Bb5 Bd7 6. Bxc6 Bxc6 7. Nc3 Nf6 8. Bg5 e6 9. Bxf6 Qxf6 10. O-O-O Qxd4 11. Nxd4 Bd7 12. Ndb5 Bxb5 13. Nxb5 Rd8 14. Nxa7 Ra8 15. Nb5 Rxa2 16. Kb1 Ra5 17. Nxd6+ Bxd6 18. Rxd6 Ke7 19. Rhd1 Rha8 20. Rd7+ Kf6 21. c3 b5 22. Rb7 R8a7 23. Rdd7 Rxb7 24. Rxb7 g5 25. f3 h6 26. b4 Ra8 27. Rxb5 Rd8 28. Kc2 1-0

[Event "*** Titled Tuesday Blitz"]
[Site "Chess.com"]
[Date "2020.04.07"]
[Round "3"]
[White "lelya96"]
[Black "Borsuk_Konstantin"]
[Result "1-0"]
[WhiteElo "2269"]
[BlackElo "2462"]
[TimeControl "180+1"]
[EndTime "13:25:03 PDT"]
[Termination "lelya96 won by resignation"]

1. e4 e6 2. d4 d5 3. Nc3 Bb4 4.
Ne2 Nc6 5. a3 Ba5 6. b4 Bb6 7.
exd5 exd5 8. Be3 Nce7 9. Ng3 c6 10. Bd3 Nf6 11. O-O Ng4 12. Nce2 Nxe3 13. fxe3 f5 14. Nxf5 Nxf5 15. Bxf5 Bxf5 16. Rxf5 Qe7 17. Re5 1-0

[Event "*** Titled Tuesday Blitz"]
[Site "Chess.com"]
[Date "2020.04.07"]
[Round "3"]
[White "plumalka"]
[Black "Rumpel-VK"]
[Result "0-1"]
[WhiteElo "2387"]
[BlackElo "2627"]
[TimeControl "180+1"]
[EndTime "13:25:05 PDT"]
[Termination "Rumpel-VK won by resignation"]

1. e4 c5 2. Nf3 Nc6 3. d4 cxd4 4. Nxd4 e5 5. Nb5 a6 6. Nd6+ Bxd6 7. Qxd6 Qe7 8. Qd1 Nf6 9. Nc3 Nd4 10. Be3 O-O 11. Bxd4 d5 12. Be3 d4 13. Bxd4 Rd8 14.
Qf3 exd4 15. Ne2 Qb4+ 16. c3 Qxb2 17. Rd1 d3 18. e5 d2+ 0-1

[Event "*** Titled Tuesday Blitz"]
[Site "Chess.com"]
[Date "2020.04.07"]
[Round "3"]
[White "Atanejhad"]
[Black "fpawn"]
[Result "1-0"]
[WhiteElo "2526"]
[BlackElo "2294"]
[TimeControl "180+1"]
[EndTime "13:25:14 PDT"]
[Termination "Atanejhad won by resignation"]

1. d4 f5 2. c4 Nf6 3. Nf3 g6 4. h4 Bg7 5. h5 Nxh5 6. Rxh5 gxh5 7. e4 d6 8. Ng5 Kd7 9. exf5 Qe8 10. Ne6 Qf7 11.
Nc3 c6 12. Be2 Na6 13. Bxh5 Qf6 14. g4 Bf8 15. Bg5 1-0

[Event "*** Titled Tuesday Blitz"]
[Site "Chess.com"]
[Date "2020.04.07"]
[Round "3"]
[White "tacticthunder"]
[Black "tonyq11"]
[Result "1-0"]
[WhiteElo "2523"]
[BlackElo "2273"]
[TimeControl "180+1"]
[EndTime "13:25:18 PDT"]
[Termination "tacticthunder won by resignation"]

1. e4 c5 2. Nf3 e6 3. d4 cxd4 4. Nxd4 Nc6 5. Nc3 Qc7 6. Qd3 Nf6 7. Ndb5 Qb8 8. Qg3 Qxg3 9. hxg3 Kd8 10. Bf4 e5 11. Bg5 a6 12. Na3 b5 13. Nd5 Be7 14.
Nxe7 Kxe7 15. c4 Nd4 16. O-O-O Bb7 17. f3 Bc6 18. Kb1 h6 19. Be3 b4 20. Bxd4 bxa3 21. Bc5+ Ke6 22. Bxa3 Rhb8 23. Rd6+ 1-0

[Event "*** Titled Tuesday Blitz"]
[Site "Chess.com"]
[Date "2020.04.07"]
[Round "3"]
[White "asms9699"]
[Black "LivajaM"]
[Result "1-0"]
[WhiteElo "2592"]
[BlackElo "2308"]
[TimeControl "180+1"]
[EndTime "13:25:19 PDT"]
[Termination "asms9699 won by resignation"]

1. c4 e5 2. g3 Nc6 3. Bg2 Bc5 4. Nc3 d6 5. Nf3 Nge7 6. e3 a6 7.
d4 Bb4 8. O-O O-O 9. Nd5 Ba5 10.
a3 exd4 11. Nxd4 Nxd4 12. Nxe7+ Qxe7 13. exd4 Bb6 14. b4 c6 15. c5 Bc7 16. Re1 Qf6 17.
Bf4 Bf5 18. d5 cxd5 19. Qxd5 Be6 20. Qxb7 Rac8 21. cxd6 Bd8 22. Rad1 Rc3 23. Be5 1-0

[Event "*** Titled Tuesday Blitz"]
[Site "Chess.com"]
[Date "2020.04.07"]
[Round "3"]
[White "platy3"]
[Black "Usurpov"]
[Result "1-0"]
[WhiteElo "2806"]
[BlackElo "2474"]
[TimeControl "180+1"]
[EndTime "13:25:24 PDT"]
[Termination "platy3 won by resignation"]

1. e4 c5 2. Nf3 e6 3. d4 cxd4 4. Nxd4 Nf6 5. Nc3 Nc6 6. Nxc6 bxc6 7. e5 Nd5 8. Ne4 Qc7 9. f4 Qb6 10. c4 Bb4+ 11. Ke2 f5 12. Nf2 Qa6 13. Kf3 Nc7 14.
Be3 Be7 15. h4 c5 16. Kg3 Bb7 17. Be2 Rd8 18. Qc2 O-O 19. Rad1 d5 20. cxd5 Nxd5 21. Bxa6 1-0

[Event "*** Titled Tuesday Blitz"]
[Site "Chess.com"]
[Date "2020.04.07"]
[Round "3"]
[White "Korona_91"]
[Black "RzayevB"]
[Result "0-1"]
[WhiteElo "2415"]
[BlackElo "2649"]
[TimeControl "180+1"]
[EndTime "13:25:29 PDT"]
[Termination "RzayevB won by resignation"]

1. e4 c5 2. Nf3 a6 3. c3 e6 4. d4 d5 5. e5 Nc6 6. Bd3 Qb6 7.
O-O Bd7 8. a3 cxd4 9. cxd4 Nxd4 10. Nxd4 Qxd4 11. Re1 Qb6 12. Nc3 Bc5 13. Qg4 Bxf2+ 14.
Kf1 Bxe1 15. Kxe1 Ne7 16. Ne2 O-O 17. b4 Ng6 18. Bb2 Qe3 19. Rd1 Bb5 20. Bd4 Nxe5 21. Bxe5 Qxe5 22. Bxb5 axb5 23. Rd3 0-1

[Event "*** Titled Tuesday Blitz"]
[Site "Chess.com"]
[Date "2020.04.07"]
[Round "3"]
[White "Quiet_Desperation"]
[Black "kasparicy"]
[Result "0-1"]
[WhiteElo "2032"]
[BlackElo "2335"]
[TimeControl "180+1"]
[EndTime "13:25:29 PDT"]
[Termination "kasparicy won by resignation"]

1. e4 c5 2. d4 cxd4 3. c3 d5 4.
exd5 Nf6 5. cxd4 Nxd5 6. Nf3 g6 7. Nc3 Bg7 8. Bc4 Nb6 9. Bb3 O-O 10. Be3 Nc6 11. h3 Na5 12. O-O Nac4 13. Rb1 Bf5 14. Qe2 Bxb1 15. Bxc4 Nxc4 16. Qxc4 Bf5 17. Qb3 Qc7 18.
Rc1 Rac8 19. Nd5 Qd7 20. Rxc8 Rxc8 21. Ne5 Bxe5 22. dxe5 Be6 0-1

[Event "*** Titled Tuesday Blitz"]
[Site "Chess.com"]
[Date "2020.04.07"]
[Round "3"]
[White "renehp"]
[Black "NewBornNow"]
[Result "0-1"]
[WhiteElo "2411"]
[BlackElo "2640"]
[TimeControl "180+1"]
[EndTime "13:25:31 PDT"]
[Termination "NewBornNow won by resignation"]

1. e4 c5 2. Nf3 d6 3. d4 cxd4 4. Nxd4 Nf6 5. Nc3 e6 6. Be3 Nc6 7. f3 Be7 8. Qd2 O-O 9. O-O-O a6 10. g4 Qc7 11. h4 Nd7 12. Qg2 b5 13. h5 b4 14.
Nce2 a5 15. g5 a4 16. g6 Nde5 17. Nf4 b3 18. a3 Nxd4 19. Rxd4 Qxc2+ 20. Qxc2 bxc2 21. gxh7+ Kxh7 22. Kxc2 Nxf3 23. Rd1 Bb7 24. Bd3 Ne5 25.
Rdg1 Rac8+ 26. Kd2 Nf3+ 0-1

[Event "*** Titled Tuesday Blitz"]
[Site "Chess.com"]
[Date "2020.04.07"]
[Round "3"]
[White "beccrajoy"]
[Black "OK97"]
[Result "0-1"]
[WhiteElo "1790"]
[BlackElo "2742"]
[TimeControl "180+1"]
[EndTime "13:25:34 PDT"]
[Termination "OK97 won by resignation"]

1. e4 g6 2. d4 Bg7 3. Nf3 d6 4.
Bd3 Nf6 5. Nc3 O-O 6. Bg5 Bg4 7.
Qd2 Bxf3 8. gxf3 Nc6 9. h4 Nxd4 10. Be2 c5 11. Bh6 Bxh6 12. Qxh6 Nxc2+ 13. Kd2 Nxa1 14. h5 e6 15. hxg6 fxg6 16. Rxa1 Nh5 17. Bc4 Qf6 18. Rg1 Qd4+ 0-1

[Event "*** Titled Tuesday Blitz"]
[Site "Chess.com"]
[Date "2020.04.07"]
[Round "3"]
[White "david_gomez"]
[Black "Siemba"]
[Result "1-0"]
[WhiteElo "2432"]
[BlackElo "2228"]
[TimeControl "180+1"]
[EndTime "13:25:41 PDT"]
[Termination "david_gomez won by resignation"]

1. e4 c5 2. Nc3 g6 3. g3 Bg7 4.
Bg2 Nc6 5. d3 d6 6. f4 Nf6 7.
Nf3 O-O 8. O-O a6 9. h3 Rb8 10. Ne2 b5 11. Be3 Bb7 12. Rb1 Nd7 13. c3 Nb6 14. g4 e5 15. f5 d5 16. Bxc5 Re8 17. g5 Na4 18. Be3 gxf5 19. exf5 e4 20.
dxe4 dxe4 21. Nfd4 Be5 22. f6 Nc5 23. Nxc6 1-0

[Event "*** Titled Tuesday Blitz"]
[Site "Chess.com"]
[Date "2020.04.07"]
[Round "3"]
[White "Training_Day"]
[Black "DanielDardha2005"]
[Result "1-0"]
[WhiteElo "2330"]
[BlackElo "2565"]
[TimeControl "180+1"]
[EndTime "13:25:49 PDT"]
[Termination "Training_Day won by resignation"]

1. e4 c5 2. c3 Nf6 3. e5 Nd5 4. Nf3 d6 5. d4 cxd4 6. Qxd4 e6 7. Nbd2 Nc6 8. Bb5 Bd7 9. Bxc6 Bxc6 10. Nc4 f6 11.
exd6 e5 12. Qg4 b5 13. Qe6+ 1-0

[Event "*** Titled Tuesday Blitz"]
[Site "Chess.com"]
[Date "2020.04.07"]
[Round "3"]
[White "Leonid_Starozhilov"]
[Black "BasilSmash"]
[Result "1-0"]
[WhiteElo "2684"]
[BlackElo "2422"]
[TimeControl "180+1"]
[EndTime "13:25:56 PDT"]
[Termination "Leonid_Starozhilov won by resignation"]

1. c4 e6 2. Nf3 d5 3. g3 Nf6 4.
Bg2 Be7 5. O-O O-O 6. b3 b6 7.
cxd5 Nxd5 8. Bb2 Bb7 9. Nc3 Nxc3 10. Bxc3 c5 11. Qc2 Qc8 12. Qb2 f6 13. Rac1 Nc6 14.
d4 cxd4 15. Bxd4 Qd7 16. Rfd1 Nxd4 17. Rxd4 Qe8 18. Rc7 Rb8 19. Rdd7 Bxf3 20. Rxe7 1-0

[Event "*** Titled Tuesday Blitz"]
[Site "Chess.com"]
[Date "2020.04.07"]
[Round "3"]
[White "Carnivoras"]
[Black "Rakesh"]
[Result "1-0"]
[WhiteElo "2620"]
[BlackElo "2329"]
[TimeControl "180+1"]
[EndTime "13:25:57 PDT"]
[Termination "Carnivoras won by resignation"]

1. d4 Nf6 2. g3 c5 3. Bg2 cxd4 4. Nf3 e5 5. O-O Nc6 6. c3 dxc3 7. Nxc3 d6 8. Bg5 Be7 9. Bxf6 Bxf6 10. Nd5 Be7 11. Nd2 O-O 12. Nc4 Be6 13. Nxe7+ Qxe7 14. Rc1 d5 15. Bxd5 Rfd8 16. e4 Nb4 17. Ne3 Nxa2 18. Ra1 Nb4 19. Qf3 Nc2 20. Nxc2 Rac8 21. Ne3 a5 22. Bxe6 Qxe6 23. Rxa5 Rd2 24. Rb5 b6 25. Nd5 Rd3 26. Qxd3 1-0

[Event "*** Titled Tuesday Blitz"]
[Site "Chess.com"]
[Date "2020.04.07"]
[Round "3"]
[White "Ali_rastbod"]
[Black "stasiek18"]
[Result "1/2-1/2"]
[WhiteElo "2624"]
[BlackElo "2413"]
[TimeControl "180+1"]
[EndTime "13:25:58 PDT"]
[Termination "Game drawn by repetition"]

1. Nf3 Nf6 2. c4 g6 3. b3 Bg7 4. Bb2 d6 5. d4 O-O 6. g3 Nbd7 7. Bg2 e5 8. O-O exd4 9. Nxd4 Re8 10. Nc3 a5 11. Qc2 Nc5 12. Rad1 c6 13. e4 Qb6 14. Ba3 Bg4 15. f3 Bd7 16. Kh1 Rad8 17. Nde2 Bc8 18. Rd2 Bh6 19. Rdd1 Bg7 20. Rd2 Bh6 21. Rdd1 Bg7 1/2-1/2

[Event "*** Titled Tuesday Blitz"]
[Site "Chess.com"]
[Date "2020.04.07"]
[Round "3"]
[White "AllStarShark"]
[Black "TastyTablet"]
[Result "1-0"]
[WhiteElo "2319"]
[BlackElo "2573"]
[TimeControl "180+1"]
[EndTime "13:26:04 PDT"]
[Termination "AllStarShark won by resignation"]

1. d4 d5 2. Bf4 Nf6 3. e3 e6 4. Nd2 Nbd7 5. Bd3 Be7 6. c3 O-O 7. Ngf3 b6 8. h3 Bb7 9. O-O Ne4 10. Qc2 f5 11. Ne5 Nxe5 12. Bxe5 c5 13. f3 Nd6 14.
Bxd6 Bxd6 15. f4 c4 16. Be2 b5 17. a3 1-0

[Event "*** Titled Tuesday Blitz"]
[Site "Chess.com"]
[Date "2020.04.07"]
[Round "3"]
[White "drinbet"]
[Black "AnonymousBread"]
[Result "0-1"]
[WhiteElo "2272"]
[BlackElo "2519"]
[TimeControl "180+1"]
[EndTime "13:26:12 PDT"]
[Termination "AnonymousBread won by resignation"]

1. e4 e5 2. Nf3 Nc6 3. Bc4 Bc5 4.
O-O Nf6 5. Re1 d6 6. h3 h6 7.
c3 g5 8. d4 exd4 9. cxd4 Bb6 10. e5 dxe5 11. d5 e4 12. Nc3 O-O 13. Nxg5 Ne5 14.
Bb3 hxg5 15. Bxg5 Bxf2+ 16. Kh1 Bxe1 17. Nxe4 Nxe4 0-1